Map: Cyber Forest LE

Players

IIIIIIIIIIII (Firefly) - Winner!

  • Race: Protoss Protoss
  • Spawn Location: 11:00

iGCoffeeMs (Coffee)

  • Race: Terran Terran
  • League: Master
  • Spawn Location: 5:00

Event: 2019 WCS Winter Americas

VOD

Have the link to the VOD?

Description

Time

  • Played on: Feb. 15, 2019, 2:13 p.m.
  • Length: 12:51

All games in this series

Show
View Real Time Build Order
Export as new Build Order

IIIIIIIIIIII Protoss - Winner!

Build Orders: 1 Gate Expand, Phoenix Opening, Blink Stalkers, Chargelot Immortal 

Get SALT Encoding   

  12  0:00  Probe  
  13  0:12  Probe  
  14  0:17  Pylon  
  14  0:24  Probe  
  15  0:33  Probe  
  15  0:35  Gateway  
  15  0:41  Probe  
  16  0:46  Assimilator  
  17  0:51  Probe  
  18  1:03  Probe  
  19  1:15  Probe  
  20  1:23  Nexus  
  20  1:33  Cybernetics Core  
  20  1:36  Probe  
  21  1:43  Assimilator  
  21  1:50  Pylon  
  21  1:51  Probe  
  22  1:59  Stalker  
  22  2:03  Probe  
  23  2:09  Warp Gate  
  23  2:15  Probe  
  26  2:23  Twilight Council  
  26  2:26  Probe  
  27  2:31  Probe  
  27  2:34  Probe  
  28  2:39  Probe  
  28  2:41  Sentry  
  28  2:42  Probe  
  32  2:47  Blink  
  32  2:49  Probe  
  33  2:54  Probe  
  35  3:01  Probe  
  36  3:05  Gateway  
  36  3:08  Gateway  
  36  3:11  Probe  
  37  3:14  Probe  
  37  3:15  Phoenix  
  38  3:22  Stalker  
  38  3:23  Probe  
  38  3:26  Pylon  
  41  3:28  Probe  
  41  3:33  Shield Battery  
  42  3:35  Probe  
  42  3:41  Pylon  
  43  3:43  Probe  
  44  3:49  Probe  
  44  3:53  Pylon  
  46  3:55  Probe  
  46  3:58  Assimilator  
  46  4:01  Stalker x2  
  50  4:06  Stalker  
  52  4:12  Probe  
  52  4:28  Stalker x2  
  52  4:29  Probe  
  52  4:30  Stalker, Probe  
  60  4:35  Robotics Facility  
  56  4:54  Phoenix  
  56  4:55  Stalker x2  
  56  4:56  Stalker  
  62  5:06  Nexus  
  62  5:08  Pylon  
  62  5:10  Probe  
  62  5:11  Probe  
  64  5:18  Forge  
  64  5:19  Forge  
  64  5:21  Pylon  
  64  5:26  Stalker x2  
  68  5:29  Stalker  
  68  5:32  Probe  
  63  5:55  Protoss Ground Weapons Level 1, Protoss Ground Armor Level 1  
  57  5:58  Stalker x3, Probe x2  
  65  6:10  Charge, Probe  
  65  6:11  Probe  
  67  6:17  Pylon  
  67  6:24  Probe  
  67  6:25  Probe  
  69  6:30  Probe  
  68  6:40  Immortal  
  68  6:45  Gateway  
  69  6:47  Sentry x2, Gateway  
  69  6:50  Gateway  
  69  6:52  Zealot  
  76  7:11  Zealot x2  
  76  7:14  Stalker  
  82  7:16  Immortal  
  86  7:30  Protoss Ground Weapons Level 2  
  84  7:41  Zealot, Stalker x3  
  84  7:42  Probe  
  84  7:43  Probe  
  88  7:45  Probe  
  88  7:48  Pylon  
  88  7:51  Immortal  
  89  7:53  Pylon  
  89  7:54  Protoss Ground Armor Level 2, Probe, Pylon  
  89  7:55  Probe  
  89  7:57  Probe  
  96  8:03  Assimilator  
  96  8:05  Assimilator  
  96  8:07  Probe x2  
  96  8:08  Assimilator  
  96  8:09  Probe  
  99  8:18  Immortal  
  99  8:19  Probe x2  
  101  8:21  Probe  
  102  8:28  Photon Cannon  
  102  8:29  Photon Cannon  
  102  8:31  Probe  
  107  8:38  Pylon  
  107  8:40  Gateway  
  107  8:41  Gateway  
  107  8:44  Pylon  
  107  8:50  Zealot x3  
  107  8:51  Observer  
  114  9:03  Zealot x3  
  114  9:05  Pylon  
  114  9:08  Pylon  
  120  9:16  Zealot  
  122  9:22  Zealot x2  
  126  9:27  Templar Archives  
  126  9:34  Zealot  
  126  9:35  Zealot x3  
  134  9:40  Protoss Ground Weapons Level 3  
  134  9:53  Stalker x4  
  134  9:57  Warp Prism  
  134  9:59  Protoss Ground Armor Level 3  
  140  10:07  Pylon  
  140  10:13  Zealot x4  
  148  10:16  High Templar x4  
  148  10:19  Pylon  
  156  10:21  Nexus  
  156  10:23  Archon x2  
  156  10:42  Zealot x3  
  160  10:43  Zealot  
  160  11:02  Zealot x4  
  136  11:15  Zealot x3  
  136  11:16  Zealot, Immortal  
  146  11:19  Probe x3, Pylon  
  146  11:21  Assimilator  
  146  11:25  Assimilator  
  141  11:34  High Templar x4  
  141  11:38  Pylon  
  149  11:40  Stalker x4, Pylon  
  149  11:42  Pylon, Archon x2  
  148  12:05  Probe x4  
  148  12:06  Stalker x2  
  148  12:07  Zealot x5  
  160  12:29  Zealot x4  
  168  12:30  Zealot x4  
Show
View Real Time Build Order
Export as new Build Order

iGCoffeeMs Terran 

Build Orders: Gas First Reaper Expand, Liberator Opening 

Get SALT Encoding   

  12  0:00  SCV  
  13  0:13  SCV  
  14  0:17  Supply Depot  
  14  0:25  SCV  
  14  0:28  Refinery  
  15  0:38  SCV  
  16  0:44  Barracks  
  16  0:50  SCV  
  17  1:02  SCV  
  18  1:15  SCV  
  19  1:31  Reaper, Orbital Command  
  20  1:48  Command Center  
  20  1:56  Factory  
  20  2:00  SCV  
  21  2:06  Barracks Reactor  
  21  2:09  Refinery  
  21  2:12  SCV  
  22  2:17  Supply Depot  
  22  2:24  SCV  
  23  2:38  SCV  
  23  2:41  Starport  
  23  2:42  Marine x2  
  28  2:44  Widow Mine  
  28  2:50  SCV  
  29  3:00  Orbital Command  
  29  3:01  Marine x2  
  31  3:06  SCV  
  31  3:07  Factory Tech Lab  
  32  3:18  Medivac  
  32  3:19  Marine x2  
  36  3:21  SCV  
  36  3:28  Siege Tank  
  36  3:32  Supply Depot  
  39  3:36  Marine  
  39  3:37  Marine  
  39  3:39  SCV, Liberator  
  39  3:40  SCV  
  43  3:51  SCV  
  43  3:53  SCV  
  43  3:54  Marine x2  
  47  3:59  Supply Depot  
  50  4:12  Marine x2  
  50  4:15  SCV x2  
  54  4:21  Siege Tank  
  56  4:28  SCV  
  56  4:29  SCV  
  56  4:30  Marine x2  
  60  4:44  SCV x2  
  59  4:48  Marine x2  
  54  4:53  Siege Tank  
  54  4:56  SCV  
  55  5:02  SCV  
  55  5:06  Marine  
  55  5:07  Marine  
  57  5:08  SCV  
  59  5:14  SCV  
  59  5:16  Bunker, Barracks  
  59  5:17  Barracks  
  59  5:19  Supply Depot  
  59  5:20  SCV  
  61  5:23  Liberator  
  61  5:24  Marine  
  62  5:32  Supply Depot  
  62  5:34  Refinery, Supply Depot  
  62  5:39  SCV  
  62  5:40  Marine  
  62  5:41  SCV, Siege Tank  
  65  5:54  Marine  
  60  5:57  SCV x2  
  60  5:58  Marine  
  63  6:06  Barracks Tech Lab  
  63  6:10  SCV x2  
  62  6:13  Marine  
  62  6:14  Engineering Bay  
  62  6:16  Marine  
  64  6:19  Stimpack, Marine  
  64  6:22  SCV  
  64  6:24  Marine  
  67  6:31  Marine  
  68  6:34  Factory Reactor, Marine  
  68  6:35  Starport Reactor  
  68  6:37  SCV x2  
  68  6:44  Marauder x2  
  72  6:48  Marine  
  72  6:49  SCV  
  72  6:50  Terran Infantry Weapons Level 1  
  72  6:52  Marine  
  72  6:54  Supply Depot  
  74  7:07  Marauder x2  
  74  7:08  SCV x2, Combat Shield  
  79  7:17  Marine x2  
  79  7:18  Widow Mine x2  
  85  7:28  SCV, Marauder, Marine  
  89  7:35  Marine x2  
  79  7:43  SCV x2  
  72  7:44  Medivac, Widow Mine x2  
  72  7:51  Command Center  
  72  7:55  Marine x2  
  74  8:00  Marauder x2, Refinery  
  74  8:02  SCV  
  74  8:04  SCV  
  80  8:07  Widow Mine  
  80  8:10  Widow Mine  
  82  8:21  Marine x2  
  84  8:29  Marauder  
  84  8:31  Marauder  
  88  8:37  Widow Mine x2, Barracks  
  88  8:38  Barracks  
  92  8:43  Medivac  
  92  8:46  Terran Infantry Armor Level 1  
  94  8:49  Supply Depot  
  94  8:54  Medivac, Marine x2  
  98  9:00  Marauder x2  
  102  9:06  SCV, Supply Depot  
  102  9:08  SCV  
  104  9:14  Orbital Command  
  104  9:21  Marine x2  
  104  9:24  Marauder  
  108  9:26  Marauder  
  110  9:33  Medivac x2  
  110  9:34  Barracks Reactor  
  110  9:37  Barracks Tech Lab  
  114  9:43  Marine x2  
  114  9:45  Orbital Command  
  110  9:47  Marauder  
  110  9:48  Marauder  
  114  9:53  Widow Mine x2  
  118  10:01  Marine x2  
  118  10:03  SCV x2  
  120  10:14  Widow Mine  
  120  10:15  Supply Depot, Widow Mine  
  120  10:16  Supply Depot  
  120  10:17  Supply Depot  
  120  10:18  Supply Depot  
  120  10:19  Marauder x2  
  120  10:21  Liberator x2  
  128  10:28  Marine x4  
  132  10:40  Concussive Shells  
  136  10:51  Marauder  
  131  10:57  Marauder  
  131  11:03  Marauder  
  109  11:05  Marine x4  
  109  11:06  Widow Mine x2  
  111  11:16  Marine  
  111  11:18  Marine  
  112  11:19  SCV x2  
  112  11:20  SCV  
  112  11:24  Marauder  
  115  11:29  Marine x4  
  115  11:31  SCV, Medivac x2  
  115  11:32  Widow Mine x2  
  128  11:34  Marauder  
  128  11:36  Supply Depot  
  130  11:43  Marauder  
  130  11:46  Marauder  
  124  11:56  Marauder  
  124  11:58  Marine  
  124  11:59  Marine x2  
  124  12:01  Widow Mine x2  
  120  12:09  Marauder x2  
  124  12:17  Marauder  
  124  12:19  Marine  
  124  12:20  Marine x2  
  129  12:26  Widow Mine x2  
  136  12:30  Supply Depot  
  136  12:34  Engineering Bay  
  136  12:35  Armory  
Tags
 
Add a new tag
Caveats
  • Supply blocks, unpowered buildings, or Contaminate may cause inaccurate times.
  • Supply counts are checked every 10 seconds.